 Dungeon Crawl Stone Soup version 0.29-a0-1018-g6b6670bd90 (webtiles) character file.

Game seed: 4860268885286457353

175 mBirk the Trooper (level 5, 0/37 (42) HPs)
             Began as a Demonspawn Abyssal Knight on Aug 10, 2022.
             Was a Priest of Lugonu.
             Slain by a wight
             ... wielding a +3 falchion
              (2 damage)
             ... in a sewer.
             The game lasted 00:11:30 (3393 turns).

mBirk the Trooper (Demonspawn Abyssal Knight)       Turns: 3393, Time: 00:11:31

HP:   0/37 (42)     AC: 10    Str: 15    XL:     5   Next: 29%
MP:   7/7           EV:  7    Int: 12    God:    Lugonu [***...]
Gold: 112           SH:  0    Dex: 13    Spells: 4/4 levels left

rFire   . . .      SeeInvis .   a - +1 spear
rCold   . . .      Faith    .   (no shield)
rNeg    . . .      Spirit   .   e - +0 chain mail
rPois   .          Reflect  .   (no helmet)
rElec   .          Harm     .   (no cloak)
rCorr   .          Rampage  .   (no gloves)
Will    .....                   (no boots)
Stlth   ..........              (no amulet)
HPRegen 0.12/turn               (no ring)
MPRegen 0.10/turn               (no ring)

@: heavily drained
A: yellow scales 1, spiny 1
a: Renounce Religion, Depart the Abyss, Bend Space, Banish


You were in a sewer.
You worshipped Lugonu.
Lugonu was most pleased with you.
You visited 1 branch of the dungeon, and saw 3 of its levels.
You visited the Abyss 1 time.
You also visited: Sewer.

You collected 112 gold pieces.

Inventory:

Hand Weapons
 a - a +1 spear (weapon)
Missiles
 i - a javelin
Armour
 b - a +0 leather armour
 e - a +0 chain mail (worn)
Magical Staves
 n - a staff of fire
Jewellery
 g - a ring of ice
Wands
 o - a wand of flame (11)
 q - a wand of quicksilver (4)
Scrolls
 k - 3 scrolls of fear {unknown}
 m - a scroll of blinking {unknown}
 p - a scroll of immolation {unknown}
 r - a scroll of identify
Potions
 c - 2 potions of brilliance {unknown}
 d - a potion of lignification {unknown}
 f - 2 potions of curing
 h - a potion of attraction {unknown}
 j - 3 potions of flight {unknown}
 l - a potion of might {unknown}


   Skills:
 * Level 4.2 Fighting
 + Level 2.5 Polearms
 + Level 2.6 Armour
 + Level 1.8 Dodging
 + Level 3.7 Invocations


You had 4 spell levels left.
You didn't know any spells.
Your spell library contained the following spells:

 Spells                   Type           Power      Damage    Failure   Level
 Magic Dart               Conj           0%         1d3       100%        1
 Searing Ray              Conj           0%         2d4       100%        2
 Fulminant Prism          Conj/Hex       0%         3d6       100%        4


Dungeon Overview and Level Annotations

Branches:
Dungeon (3/15)              Sewer (1/1)

Altars:

Shops:
D:3 [


Innate Abilities, Weirdness & Mutations

You are partially covered in yellow scales. (AC +2)
You are partially covered in sharp spines.


Message History

There is an open door here.
You see here a giant cockroach corpse.
You closely miss the kobold.
The kobold is severely wounded.
The kobold shouts!
The kobold closely misses you. The kobold is struck by your spines.
You kill the kobold!
Lugonu accepts your kill. The kobold hits you but does no damage.
Things that are here:
a +0 whip; 2 stones; a kobold corpse You enter the shallow water.
Moving in this stuff is going to be slow.
The kobold hits you but does no damage.
Your unstable footing causes you to fumble your attack.
The kobold hits you but does no damage. The wight is struck by your spines.
The wight hits you with a +3 falchion.
You feel drained.
Your unstable footing causes you to fumble your attack.
The kobold hits you with a +0 dagger. The wight hits you with a +3 falchion.
* * * LOW HITPOINT WARNING * * *
Your unstable footing causes you to fumble your attack.
The kobold hits you with a +0 dagger.
* * * LOW HITPOINT WARNING * * *
The wight hits you with a +3 falchion.
* * * LOW HITPOINT WARNING * * *
You feel better. The kobold hits you but does no damage.
The wight hits you but does no damage. The kobold hits you with a +0 dagger.
* * * LOW HITPOINT WARNING * * *
The wight hits you with a +3 falchion.
* * * LOW HITPOINT WARNING * * *
You feel drained.
* * * LOW HITPOINT WARNING * * *
The kobold hits you but does no damage.
Things that are here:
a +0 whip; 2 stones; a kobold corpse You feel better.
The wight hits you with a +3 falchion!
* * * LOW HITPOINT WARNING * * *
You feel drained.
You die...

###############
#≈~@†..≈≈≈≈≈≈≈≈≈≈≈≈≈
#BzK#.~≈≈≈≈≈≈≈≈≈≈≈≈≈
#~~K#..≈≈≈≈≈≈≈≈≈≈≈≈≈
#≈~.#.≈≈≈≈≈≈≈≈≈≈≈≈≈≈
#≈~.#..~≈≈≈≈≈≈≈≈≈≈≈≈
#≈~.#...≈≈≈≈≈≈~≈≈≈~≈
##.####.###≈##~##~##
...#≈≈.............
'...≈≈≈≈.)..........


You could see a wight, a giant cockroach and 2 kobolds.

Vanquished Creatures
  2 orc wizards (D:3)
  A river rat (D:3)
  2 shadow imps (Sewer)
  3 ufetubi (Sewer)
  A worm (D:2)
  2 dart slugs
  3 orcs (D:3)
  11 ball pythons
  11 endoplasms
  3 giant cockroaches
  4 goblins
  A hobgoblin (D:1)
  6 quokkas
  9 bats
  4 frilled lizards
  8 kobolds
  5 rats
76 creatures vanquished.

Vanquished Creatures (others)
  A plant (D:2)
1 creature vanquished.

Grand Total: 77 creatures vanquished

Notes
Turn   | Place    | Note
-------+----------+-------------------------------------------
     0 | Abyss:1  | mBirk the Demonspawn Abyssal Knight began the quest for the
                  | Orb.
     0 | Abyss:1  | Reached XP level 1. HP: 18/18 MP: 2/2
     1 | D:1      | Escaped the Abyss
     5 | D:1      | Noticed an electric eel
     6 | D:1      | Noticed an electric eel
   339 | D:1      | Reached skill level 1 in Dodging
   479 | D:1      | Gained mutation: You are partially covered in sharp spines.
                  | [demonic ancestry]
   479 | D:1      | Reached XP level 2. HP: 5/24 MP: 3/3
  1510 | D:1      | Gained mutation: You are partially covered in yellow
                  | scales. (AC +2) [demonic ancestry]
  1510 | D:1      | Reached XP level 3. HP: 29/29 MP: 5/5
  2087 | D:2      | Found a faded altar of an unknown god.
  3030 | D:3      | Reached *** piety under Lugonu
  3058 | D:3      | Reached XP level 4. HP: 37/37 MP: 6/6
  3077 | D:3      | Found Ibuus's Armour Boutique.
  3145 | D:3      | Found a glowing drain.
  3186 | D:3      | Reached skill level 4 in Fighting
  3223 | Sewer    | Entered a sewer
  3271 | Sewer    | Reached XP level 5. HP: 42/42 MP: 7/7
  3393 | Sewer    | Slain by a wight

Illustrated notes

Levels and vault maps discovered:
D:1:      arrival_aquarium_b, layout_basic, nicolae_hexahallways,
          minmay_hedge_maze, hangedman_decor_riveting, minmay_misc_feat_pillars,
          dk_noncrumbling_3
D:2:      layout_loops_ring, shapermc_ecumenical_altar_hornbeckon
D:3:      layout_loops_cross, cheibrodos_sewer_entry_sluice, serial_shops,
          nicolae_shop_stone, chequers_serial_rivers_small_3
Sewer:    kennysheep_sewer_church

Skill      XL: |  1  2  3  4 |
---------------+-------------+-----
Dodging        | 1 |  1.8
Armour         | 2 |  2.6
Polearms       | 2 |  2.5
Invocations    | 3 |  3.7
Fighting       | 4 |  4.2

Action                   |  1- 3 |  4- 6 || total
-------------------------+-------+-------++-------
Melee: Spear             |   238 |    50 ||   288
       Punch             |     3 |       ||     3
Throw: Javelin           |       |     4 ||     4
Evoke: Wand              |       |     1 ||     1
  Use: Scroll            |     2 |       ||     2
       Potion            |       |     2 ||     2
Armor: Leather armour    |     5 |       ||     5
       Chain mail        |    48 |    45 ||    93
Dodge: Dodged            |    39 |    23 ||    62

Table legend: (Time is in decaauts)
 A = Elapsed time spent in this place.
 B = Non-inter-level travel time spent in this place.
 C = Inter-level travel time spent in this place.
 D = Time resting spent in this place.
 E = Time spent auto-exploring this place.
 F = Levels seen in this place.
 G = Mean time per level.
                   A        B        C        D        E       F      G
               +--------+--------+--------+--------+--------+-----+--------+
         Total |   3405 |   3374 |     31 |    694 |   1236 |   5 |  681.0 |
       Dungeon |   3233 |   3202 |     31 |    694 |   1177 |   3 | 1077.7 |
         Abyss |      1 |      1 |      0 |      0 |      0 |   1 |    1.0 |
         Sewer |    170 |    170 |      0 |      0 |     59 |   1 |  170.0 |
               +--------+--------+--------+--------+--------+-----+--------+

Top non-repeatable levels by time:
     D:1: 1954 daAuts
     D:2: 762 daAuts
     D:3: 516 daAuts
   Sewer: 170 daAuts
 Abyss:1: 1 daAuts
